 Dungeon Crawl Stone Soup version 0.30-a0-1114-gd936c97349 (webtiles) character file.

Game seed: 3400329086356999581

6083 hwolsky the Cleaver (level 10, -4/91 HPs)
             Began as a Minotaur Fighter on Apr 20, 2023.
             Was a Priest of Okawaru.
             Killed from afar by an ice dragon (17 damage)
             ... with a blast of cold
             ... on level 9 of the Dungeon.
             The game lasted 00:23:45 (7043 turns).

hwolsky the Cleaver (Minotaur Fighter)              Turns: 7043, Time: 00:23:46

Health: -4/91      AC: 18    Str: 31    XL:     10   Next: 58%
Magic:  9/11       EV: 14    Int:  5    God:    Okawaru [***...]
Gold:   284        SH:  8    Dex: 10    Spells: 9/9 levels left

rFire   + . .      SeeInvis .    i - +2 broad axe
rCold   + . .      Faith    .    c - +1 buckler
rNeg    . . .      Spirit   .    w - +0 plate armour
rPois   +          Reflect  .    (helmet restricted)
rElec   +          Rampage  .    (no cloak)
rCorr   +                        (no gloves)
Will    .....                    n - +0 pair of boots Stlth
                                 (no amulet)
HPRegen 0.35/turn                o - +5 ring of evasion
MPRegen 0.12/turn                u - +6 ring of strength

@: mighty, resistant, heroic
A: horns 2, retaliatory headbutt
a: Renounce Religion, Heroism


You were on level 9 of the Dungeon.
You worshipped Okawaru.
Okawaru was most pleased with you.
You visited 2 branches of the dungeon, and saw 10 of its levels.

You collected 579 gold pieces.
You spent 295 gold pieces at shops.

Inventory:

Hand Weapons
 a - a +1 heavy war axe
 i - a +2 broad axe (weapon)
Missiles
 h - 2 boomerangs (quivered)
 m - 3 javelins
 s - a throwing net
Armour
 c - a +1 buckler (worn)
 n - a +0 pair of boots (worn)
 w - a +0 plate armour (worn)
Jewellery
 o - a +5 ring of evasion (left hand)
 p - a +6 ring of intelligence
 q - an amulet of magic regeneration
 u - a +6 ring of strength (right hand)
 x - a ring of wizardry
 C - a +5 ring of evasion
 E - a ring of flight
Wands
 r - a wand of quicksilver (4)
 t - a wand of paralysis (5)
 y - a wand of mindburst (20)
 A - a wand of iceblast (17)
 F - a wand of flame (19)
Scrolls
 f - a scroll of poison
 g - 5 scrolls of teleportation
 z - 3 scrolls of fog
 B - a scroll of identify
 G - a scroll of enchant armour
Potions
 b - 3 potions of degeneration
 d - a potion of might
 e - a potion of mutation
 j - 4 potions of curing
 k - a potion of attraction
 l - 3 potions of brilliance
 v - a potion of ambrosia
 D - 2 potions of invisibility


   Skills:
 + Level 9.3(14.3) Fighting
 * Level 11.9(16.9) Axes
 + Level 9.2(14.2) Armour
 + Level 9.2(14.2) Shields
 + Level 3.3 Invocations


You had 9 spell levels left.
You didn't know any spells.
Your spell library contained the following spells:

 Spells                   Type           Power      Damage    Failure   Level
 Magic Dart               Conj           0%         1d3       97%         1
 Blink                    Tloc           0%         N/A       99%         2
 Ensorcelled Hibernation  Hex/Ice        0%         N/A       99%         2
 Lesser Beckoning         Tloc           0%         N/A       99%         2
 Momentum Strike          Conj/Tloc      0%         3d8       99%         2
 Mephitic Cloud           Conj/Pois/Air  0%         N/A       100%        3
 Spider Form              Tmut/Pois      0%         N/A       100%        3
 Anguish                  Hex/Necr       0%         N/A       100%        4
 Manifold Assault         Tloc           0%         N/A       100%        4
 Dispersal                Tloc           0%         N/A       100%        6
 Disjunction              Tloc           0%         N/A       100%        8
 Summon Small Mammal      Summ           Unusable   N/A       N/A         1
 Call Imp                 Summ           Unusable   N/A       N/A         2
 Call Canine Familiar     Summ           Unusable   N/A       N/A         3
 Summon Guardian Golem    Hex/Summ       Unusable   N/A       N/A         3

Dungeon Overview and Level Annotations

Branches:
Dungeon (9/15)             Temple (1/1) D:7
   Lair: D:8-11         Orc: D:9-12

Altars:
Ashenzari
Cheibriados
Dithmenos
Elyvilon
Fedhas
Gozag
Hepliaklqana
Kikubaaqudgha
Makhleb
Nemelex Xobeh
Okawaru
Qazlal
Ru
Sif Muna
Trog
Uskayaw
Vehumet
Wu Jian
Xom
Yredelemnul
Zin
The Shining One

Shops:
D:3 *   D:6 *   D:8 *=   D:9 !

Annotations:
D:9 1 runed translucent door


Innate Abilities, Weirdness & Mutations

You have a pair of horns on your head.
You reflexively headbutt those who attack you in melee.


Message History

Okawaru will now gift you throwing weapons as you gain piety.
The fire dragon scales are intact enough to wear.
You closely miss the ice dragon. You closely miss the fire dragon.
Your base Fighting skill increases to level 9!
Your base Armour skill increases to level 9!
Your base Shields skill increases to level 9!
You feel better. The ice dragon completely misses you. You furiously retaliate!
You headbutt the ice dragon!!
The ice dragon claws you but does no damage.
You block the ice dragon's attack. The fire dragon closely misses you.
You furiously retaliate!
You headbutt the fire dragon!! The fire dragon barely misses you. x2
You feel better. The ice dragon misses you. You block the ice dragon's attack.
The ice dragon barely misses you.
The fire dragon bites you but does no damage.
The fire dragon closely misses you. The fire dragon misses you.
You feel better. The fire dragon bites you. The fire dragon claws you!
The fire dragon tramples you.
You hold your ground!
You slash the fire dragon!
You kill the fire dragon!
Okawaru is honoured by your kill.
The fire dragon scales are intact enough to wear.
You hit the ice dragon. You slash the ice dragon! The ice dragon misses you.
You furiously retaliate!
You headbutt the ice dragon! You block the ice dragon's attack.
The ice dragon tramples you but does no damage.
The ice dragon bites you but does no damage.
The ice dragon claws you but does no damage.
The ice dragon tramples you!
You hold your ground!
Your Invocations skill increases to level 3!
The ice dragon breathes frost at you. The blast of cold hits you!! You resist.
* * * LOW HITPOINT WARNING * * *
The ice dragon barely misses you. You block the ice dragon's attack.
The ice dragon tramples you but does no damage.
Things that are here:
+0 fire dragon scales; a fire dragon corpse The ice dragon breathes frost at you.
The blast of cold hits you! You resist.
You die...

..........#....#≈§#.......#######
..........#.⌠..#≈§#.....>........
..........#....####..............
..........#...[...#....#'###.....
..........####....#....#...#.....
..........#≈≈#..⌠.#....#...#.....
###'##....#≈≈#....#....#...#..[..
#....#....####D####....#...#.....
#.[..#.......D.[@......#...#.....
#....#....########.....#'###.....
#....#....########...............
#....#..............)............
#.##'#...........................
#.#........######################
###........#.....................
...........#.....................
....>......#####.................


You could see 2 ice dragons.

Vanquished Creatures
  2 fire dragons (D:9)
  Pikel (D:7)
  Joseph (D:7)
  A vampire (D:9)
  3 yaks (D:9)
  A wyvern (D:7)
  A water moccasin (D:5)
  2 sky beasts (D:8)
  2 black bears
  2 ice beasts
  3 orc warriors
  3 centaurs
  2 lemures (D:7)
  6 bullfrogs
  Blork the orc (D:4)
  A gnoll sergeant (D:4)
  3 scorpions (D:5)
  3 killer bees (D:8)
  7 howler monkeys
  An electric eel (D:6)
  2 jellies
  4 hounds
  8 orc priests
  A sleepcap (D:6)
  3 iguanas
  Terence (D:2)
  11 orc wizards
  4 gnolls
  4 adders
  3 white imps
  3 ufetubi
  4 worms
  4 dart slugs
  23 orcs
  7 ball pythons
  8 endoplasms
  3 giant cockroaches
  6 goblins
  5 hobgoblins
  2 jackals (D:4)
  5 quokkas
  2 bats (D:2)
  6 frilled lizards
  8 kobolds
  6 rats
179 creatures vanquished.

Vanquished Creatures (others)
  16 plants (D:4)
16 creatures vanquished.

Grand Total: 195 creatures vanquished

Notes
Turn   | Place    | Note
-------+----------+-------------------------------------------
     0 | D:1      | hwolsky the Minotaur Fighter began the quest for the Orb.
     0 | D:1      | Reached XP level 1. HP: 19/19 MP: 0/0
    56 | D:1      | Found a faded altar of an unknown god.
   305 | D:1      | Reached XP level 2. HP: 27/27 MP: 1/1
   716 | D:1      | Reached skill level 3 in Axes
   716 | D:1      | Reached XP level 3. HP: 30/33 MP: 2/2
  1066 | D:2      | Identified the +6 quarterstaff of Focus {flame, Will+
                  | Str+2}
  1141 | D:2      | Noticed Terence
  1144 | D:2      | Killed Terence
  1145 | D:2      | Reached XP level 4. HP: 41/41 MP: 3/3
  1412 | D:3      | Found Quyruil's General Store.
  1432 | D:3      | Bought a potion of curing for 30 gold pieces
  1802 | D:3      | Reached skill level 4 in Axes
  1802 | D:3      | Reached XP level 5. HP: 33/47 MP: 4/4
  2017 | D:4      | Reached skill level 5 in Armour
  2017 | D:4      | Reached skill level 5 in Shields
  2017 | D:4      | Reached XP level 6. HP: 33/55 MP: 5/5
  2185 | D:4      | Found a sparkling altar of Nemelex Xobeh.
  2288 | D:4      | Reached skill level 5 in Fighting
  2288 | D:4      | Reached skill level 5 in Axes
  2459 | D:4      | Noticed Blork the orc
  2465 | D:4      | Killed Blork the orc
  2728 | D:5      | Entered Level 5 of the Dungeon
  2752 | D:5      | Reached XP level 7. HP: 61/61 MP: 6/6
  2884 | D:5      | Reached skill level 6 in Axes
  2912 | D:5      | Found a hide-covered altar of Uskayaw.
  3152 | D:5      | Reached skill level 7 in Axes
  3152 | D:5      | Reached XP level 8. HP: 69/70 MP: 7/7
  3782 | D:6      | Reached skill level 8 in Axes
  3921 | D:6      | Found Onuost's General Store.
  3927 | D:6      | Bought a scroll of enchant weapon for 90 gold pieces
  3928 | D:6      | Identified a scroll of acquirement
  3928 | D:6      | Acquired a +6 ring of strength
  4185 | D:7      | Noticed Pikel
  4192 | D:7      | Killed Pikel
  4193 | D:7      | Reached skill level 9 in Axes
  4193 | D:7      | Reached XP level 9. HP: 61/79 MP: 8/8
  4274 | D:7      | Found an iron altar of Okawaru.
  4282 | D:7      | Became a worshipper of Warmaster Okawaru
  4483 | D:7      | Noticed Joseph
  4493 | D:7      | Killed Joseph
  4529 | D:7      | Identified the +1 ring mail of Beogh's Displeasure {Contam
                  | Rampage rN+++ Regen+}
  4546 | D:7      | Reached * piety under Okawaru
  4548 | D:7      | Reached skill level 10 in Axes
  4641 | D:7      | Found a staircase to the Ecumenical Temple.
  4655 | Temple   | Entered the Ecumenical Temple
  5552 | D:8      | Reached skill level 1 in Invocations
  5597 | D:8      | Found Ifon's Mayhem Merchandise.
  5625 | D:8      | Found Gimiucei's Jewellery Shoppe.
  5634 | D:8      | Bought a ring of flight for 175 gold pieces
  5758 | D:8      | Reached ** piety under Okawaru
  5792 | D:8      | Found a radiant altar of Vehumet.
  5986 | D:9      | Noticed an ice dragon
  5987 | D:9      | Noticed a fire dragon
  5988 | D:9      | Noticed an ice dragon
  5989 | D:9      | Found a runed translucent door.
  5989 | D:9      | Found a runed translucent door.
  5989 | D:9      | Noticed a fire dragon
  5989 | D:9      | Found the +2 shield of Resistance {rF++ rC++ Will++}
  6026 | D:9      | Reached XP level 10. HP: 68/90 MP: 10/10
  6028 | D:9      | Reached skill level 11 in Axes
  6709 | D:9      | Found Jiaskaemp's Distillery.
  7037 | D:9      | Killed a fire dragon
  7037 | D:9      | Reached *** piety under Okawaru
  7041 | D:9      | Killed a fire dragon
  7043 | D:9      | Killed from afar by an ice dragon

Illustrated notes

Levels and vault maps discovered:
D:1:      minmay_arrival_up_and_down, layout_basic,
          dreamdust_ecumenical_altar_angels_and_demons
D:2:      layout_rooms, uniq_terence
D:3:      layout_loops_ring, serial_shops, nicolae_shop_trees,
          serial_park_tiny_2, minmay_misc_feat_roman, minmay_misc_feat_encased
D:4:      layout_cave_pools, nemelex_diamond_rough_becter,
          serial_bayou_lagoon_a, serial_bayou_ford_a, uniq_blork_the_orc
D:5:      layout_rooms, mainiacjoe_overflow_brackets, dreamdust_princess_bridge,
          wad_floor_pattern_untrapped
D:6:      layout_basic, serial_shops, kennysheep_mini_moat, minivault_4,
          minmay_misc_feat_chi, grunt_decor_cap, st_stairs_13
D:7:      layout_basic, okawaru_altar_gauntlet_db,
          minmay_temple_entry_glassed_door, uniq_pikel, uniq_joseph
D:8:      layout_basic, vehumet_altar_wand_db, serial_shops, shop,
          minmay_shop_mayhem
D:9:      layout_irregular_city, serial_shops, shop,
          minmay_guarded_unrand_resistance
Temple:   compressed_dpeg_circular_temple

Skill      XL: |  1  2  3  4  5  6  7  8  9 10 |
---------------+-------------------------------+-----
Shields        | 4 5 6 7 8 9 |  9.2
Fighting       | 4 5 6 7 8 9 |  9.3
Armour         | 4 5 6 7 8 9 |  9.2
Axes           | 3 4 5 7 9 10 11 | 11.9
Invocations    | 1 3 |  3.3

Action                     |  1- 3 |  4- 6 |  7- 9 | 10-12 || total
---------------------------+-------+-------+-------+-------++-------
  Melee: War axe           |    83 |    63 |   102 |       ||   248
         Headbutt          |     7 |    13 |    22 |    16 ||    58
         Broad axe         |       |       |    65 |    80 ||   145
  Throw: Throwing net      |       |     1 |       |       ||     1
 Invoke: Heroism           |       |       |       |     1 ||     1
    Use: Scroll            |     5 |     7 |     7 |     1 ||    20
         Potion            |       |     6 |     1 |     8 ||    15
 Armour: Scale mail        |    51 |       |       |       ||    51
         Ring mail         |       |    20 |    15 |       ||    35
         Plate armour      |       |       |    65 |    62 ||   127
  Dodge: Dodged            |    50 |    53 |   119 |    54 ||   276
  Block: Buckler           |    24 |    19 |    60 |    43 ||   146

Table legend: (Time is in decaauts)
 A = Elapsed time spent in this place.
 B = Non-inter-level travel time spent in this place.
 C = Inter-level travel time spent in this place.
 D = Time resting spent in this place.
 E = Time spent auto-exploring this place.
 F = Levels seen in this place.
 G = Mean time per level.
                   A        B        C        D        E       F      G
               +--------+--------+--------+--------+--------+-----+--------+
         Total |   7245 |   7033 |    212 |    270 |   4513 |  10 |  724.5 |
       Dungeon |   7079 |   6867 |    212 |    270 |   4379 |   9 |  786.6 |
        Temple |    165 |    165 |      0 |      0 |    134 |   1 |  165.0 |
               +--------+--------+--------+--------+--------+-----+--------+

Top non-repeatable levels by time:
     D:9: 1158 daAuts
     D:7: 972 daAuts
     D:6: 911 daAuts
     D:1: 851 daAuts
     D:4: 803 daAuts
     D:5: 700 daAuts
     D:3: 664 daAuts
     D:2: 520 daAuts
     D:8: 495 daAuts
  Temple: 165 daAuts
